 Dungeon Crawl Stone Soup version 0.13-b1-17-g3cedf87 (webtiles) character file.

18106 Chiseanne the Ticktocktomancer (level 12, -6/84 HPs)
             Began as a Demonspawn Monk on Sept 30, 2013.
             Was the Champion of Cheibriados.
             Mangled by a sun demon (10 damage)
             ... summoned by an orc sorcerer
             ... on Level 4 of the Orcish Mines.
             The game lasted 01:41:43 (17666 turns).

Chiseanne the Ticktocktomancer (Demonspawn Monk)   Turns: 17666, Time: 01:41:43

HP  -6/84        AC 20     Str 30      XL: 12   Next: 17%
MP  24/26        EV 26     Int 30      God: Cheibriados [******]
Gold 793         SH  0     Dex 32      Spells:  6 memorised,  2 levels left

Res.Fire  : . . .   See Invis. : .   a - +4 orc flail (protect)
Res.Cold  : + . .   Warding    : .   Q - +2 leather armour {rC+}
Life Prot.: . . .   Conserve   : .   (no shield)
Res.Poison: .       Res.Corr.  : .   (helmet restricted)
Res.Elec. : .       Clarity    : .   P - +1 dwarf cloak
Sust.Abil.: + .     Spirit.Shd : .   i - +0 pair of orc gauntlets
Res.Mut.  : .       Stasis     : .   (no boots)
Res.Rott. : .       Flight     : .   l - amulet of faith
Saprovore : . . .                    q - +4 ring of evasion
                                     s - ring of the Octopus King {SustAb AC+1 EV+1

@: stone skin, drained, very slow, somewhat resistant to hostile enchantments,
extremely stealthy
A: horns 2, nightstalker 2, spiny 1, AC +2
a: Bend Time, Temporal Distortion, Slouch, Step From Time, Renounce Religion


You were on level 4 of the Orcish Mines.
You worshipped Cheibriados.
Cheibriados was exalted by your worship.
You were hungry.

You visited 3 branches of the dungeon, and saw 17 of its levels.

You collected 1745 gold pieces.
You spent 952 gold pieces at shops.

Inventory:

Hand weapons
 a - a +4,+4 orcish flail of protection (weapon)
 d - a +1,+2 dagger of draining {=f}
 g - a +2,+2 orcish broad axe of electrocution
 h - a +2,+3 orcish war axe of flaming
 u - a +0 blowgun
 w - a +1,+2 longbow of flame
 z - a +3,+4 dagger of distortion {Psyche, =f}
Missiles
 m - 12 poisoned needles
 y - 13 arrows of dispersal
 A - 219 arrows
Armour
 i - a +0 pair of orcish gauntlets (worn)
 o - the -2 leather armour "Khis Acs" {rN+ Stlth+ Curse}
   (You found it on level 12 of the Dungeon)

   It protects you from negative energy.
   It may recurse itself.
   It makes you much more stealthy.
 P - a +1 dwarven cloak (worn)
 Q - a +2 leather armour of cold resistance (worn)
Magical devices
 j - a wand of cold (2)
 t - a wand of draining (0)
 B - a wand of cold (0)
 C - a wand of fire (0)
 J - a wand of confusion (14)
Comestibles
 b - 7 bread rations
 f - 3 meat rations
 k - 5 pears
 n - a choko
Scrolls
 p - 2 scrolls of amnesia
 D - a scroll of magic mapping
 F - 2 scrolls of teleportation
 H - a scroll of identify
 O - a scroll of remove curse
Jewellery
 l - an amulet of faith (around neck)
 q - a +4 ring of evasion (right hand)
 s - a ring of the Octopus King (left hand) {SustAb AC+1 EV+1 Str+1 Dex+1 Int+1}
   (You found it on level 7 of the Dungeon)

   [ring of sustain abilities]

   It affects your AC (+1).
   It affects your evasion (+1).
   It affects your strength (+1).
   It affects your intelligence (+1).
   It affects your dexterity (+1).
 v - an uncursed amulet of stasis
 I - an uncursed ring of teleport control
 K - an uncursed ring of positive energy
 M - an uncursed ring of poison resistance
Books
 c - a book of Summonings

   Spells                             Type                      Level
   *Abjuration                        Summoning                    3
   Recall                             Summoning/Translocation      3
   *Summon Elemental                  Summoning                    4
   Shadow Creatures                   Summoning                    5
   Summon Demon                       Summoning                    5
   Summon Ugly Thing                  Summoning                    6
 e - a book of Geomancy

   Spells                             Type                      Level
   Sandblast                          Earth                        1
   *Stoneskin                         Transmutation/Earth          2
   *Passwall                          Transmutation/Earth          3
   Stone Arrow                        Conjuration/Earth            3
   Petrify                            Transmutation/Earth          4
   *Lee's Rapid Deconstruction        Earth                        5
 E - a book of Transfigurations

   Spells                             Type                      Level
   *Stoneskin                         Transmutation/Earth          2
   Polymorph                          Hexes/Transmutation          4
   *Ice Form                          Ice/Transmutation            4
   Statue Form                        Transmutation/Earth          6
   Dragon Form                        Transmutation                7
Miscellaneous
 r - a stone of tremors


   Skills:
 - Level 4.7(3.6) Fighting
 - Level 5.0(3.9) Bows
 - Level 6.0(4.8) Armour
 - Level 8.9(7.6) Dodging
 - Level 5.2(4.0) Stealth
 - Level 3.6(2.5) Unarmed Combat
 + Level 6.0(4.8) Spellcasting
 - Level 7.6(6.4) Earth Magic
 - Level 12.3(10.9) Invocations


You had 2 spell levels left.
You knew the following spells:

 Your Spells              Type           Power        Failure   Level  Hunger
a - Stoneskin             Trmt/Erth      ####......   2%          2    None
b - Passwall              Trmt/Erth      ####......   6%          3    #......
c - Lee's Rapid Deconstr  Erth           #####.....   14%         5    #####..
d - Ice Form              Ice/Trmt       #.........   67%         4    ###....
e - Summon Elemental      Summ           #.........   67%         4    ###....
f - Abjuration            Summ           #.........   21%         3    #......


Dungeon Overview and Level Annotations

Branches:
Dungeon (12/27)            Temple (1/1) D:7             Orc (4/4) D:9
    Elf: Orc:3-4       Lair: D:8-13

Altars:
Ashenzari
Cheibriados
Elyvilon
Fedhas
Kikubaaqudgha
Makhleb
Nemelex Xobeh
Okawaru
Sif Muna
Trog
Vehumet
Xom
Yredelemnul
Zin
the Shining One

Shops:
D:4 =   D:10 =([

Annotations:
D:9 exclusion: 2 doors


Innate Abilities, Weirdness & Mutations

You have a pair of horns on your head.*
You are partially covered in thin metallic scales (AC +2).*
You are significantly more attuned to the shadows.
You are partially covered in sharp spines.*


Message History

The sun demon closely misses you. The sun demon completely misses you.
The iron devil disappears in a puff of smoke!
The sun demon barely misses you. The orc sorcerer casts a spell at you.
The bolt of negative energy hits the sun demon.
The sun demon completely resists.
The bolt of negative energy misses you. The sun demon misses you.
The orc sorcerer casts a spell.
The orc knight roars a battle-cry!
The sun demon closely misses you.
The soul eater draws from the surrounding life force!
The sun demon misses you.
Cast which spell? (? or * to list)
Your skin hardens.
The sun demon hits you!
You are engulfed in flames!
* * * LOW HITPOINT WARNING * * *
The orc sorcerer mumbles some strange words.
The sun demon hits you!
* * * LOW HITPOINT WARNING * * *
You are engulfed in flames!
You die...

#.............. #
#..............
..##.....)).......
#.##..)...........
#.##..............
#.##..............
#####.##..............
.....................
#####@##..........
#3##...... #3##.....
##o##.... #o3##... o#
##o## . ..4 ##.z#
.(4..##..## #.(..##


You could see an orc knight, a soul eater, a sun demon, a ynoxinul, 2 orc
sorcerers and an orc zombie.

Vanquished Creatures
  Harold (Orc:2)
  4 orc knights
  4 hill giants
  A cyclops (D:11)
  Maurice (D:8)
  A feature mimic (D:12)
  Psyche (D:8)
  5 trolls
  A two-headed ogre (D:7)
  A wyvern (D:10)
  6 yaks (D:12)
  Grum (D:9)
  A hungry ghost (D:8)
  A hippogriff (D:12)
  Edmund (D:8)
  A manticore (D:10)
  A necrophage (D:9)
  A soldier ant (D:11)
  2 wolves (D:9)
  A black bear (D:8)
  A phantom (D:7)
  8 centaurs
  11 ogres
  17 orc warriors
  3 sky beasts
  5 wargs
  2 water moccasins
  A wyvern zombie (D:12)
  4 giant frogs
  3 big kobolds
  A cyclops zombie (D:12)
  5 killer bees (D:7)
  A yak zombie (D:10)
  7 crimson imps
  3 goliath beetles
  A black bear zombie (D:5)
  5 hounds
  6 jellies
  16 orc wizards
  16 orc priests
  3 centaur skeletons
  6 iguanas
  A killer bee zombie (D:11)
  Jessica (D:3)
  5 scorpions
  2 big kobold skeletons
  A crocodile skeleton (D:6)
  An ogre skeleton (D:7)
  A mummy (D:6)
  11 adders
  5 ice beasts
  11 worker ants
  2 giant centipedes
  7 worms
  3 giant eyeballs
  8 giant geckos
  An ooze (D:1)
  134 orcs
  12 bats
  3 giant cockroaches
  21 hobgoblins
  5 jackals
  12 kobolds
  7 quokkas
  A ball python (D:3)
  A giant gecko skeleton (D:4)
  3 giant newts
  3 giant spores
  24 goblins
  A goblin skeleton (D:5)
  2 hobgoblin skeletons (D:7)
  A quokka skeleton (D:7)
  17 rats
  A rat zombie (D:8)
  6 ballistomycetes
475 creatures vanquished.

Vanquished Creatures (others)
  A giant spore (D:10)
1 creature vanquished.

Grand Total: 476 creatures vanquished

Notes
Turn   | Place    | Note
--------------------------------------------------------------
     0 | D:1      | Chiseanne, the Demonspawn Monk, began the quest for the Orb.
     0 | D:1      | Reached XP level 1. HP: 16/16 MP: 0/0
   469 | D:1      | Gained mutation: You have a pair of small horns on your head. [demonic ancestry]
   469 | D:1      | Reached XP level 2. HP: 12/22 MP: 1/1
   586 | D:1      | Gained mutation: You are resistant to electric shocks. [potion of beneficial mutation]
  1505 | D:2      | Gained mutation: You are slightly more attuned to the shadows. [demonic ancestry]
  1505 | D:2      | Reached XP level 3. HP: 3/28 MP: 2/2
  1818 | D:2      | Lost mutation: You are resistant to electric shocks. [potion of cure mutation]
  2646 | D:2      | Gained mutation: You are partially covered in thin metallic scales (AC +2). [demonic ancestry]
  2646 | D:2      | Reached XP level 4. HP: 34/34 MP: 3/3
  2737 | D:2      | Reached skill level 4 in Dodging
  3902 | D:3      | Found a snail-covered altar of Cheibriados.
  3916 | D:3      | Became a worshipper of Cheibriados the Contemplative
  3916 | D:3      | Acquired Cheibriados' first power
  3971 | D:3      | Noticed Jessica
  3985 | D:3      | Killed Jessica
  4047 | D:3      | Reached XP level 5. HP: 34/40 MP: 4/4
  4070 | D:3      | Found a blossoming altar of Fedhas.
  4575 | D:4      | Found Pneem's Jewellery Boutique.
  4635 | D:4      | Reached skill level 5 in Dodging
  5023 | D:5      | Entered Level 5 of the Dungeon
  5023 | D:5      | Noticed a sky beast
  5028 | D:5      | Killed a sky beast
  5028 | D:5      | Reached skill level 1 in Invocations
  5028 | D:5      | Reached XP level 6. HP: 42/46 MP: 6/6
  5088 | D:5      | Noticed an ice beast
  5107 | D:5      | Killed an ice beast
  5222 | D:5      | Acquired Cheibriados' second power
  5401 | D:5      | Reached skill level 1 in Armour
  5604 | D:5      | Noticed a sky beast
  5614 | D:5      | Reached XP level 7. HP: 42/52 MP: 7/7
  5620 | D:5      | Killed a sky beast
  5620 | D:5      | Reached skill level 6 in Dodging
  5688 | D:5      | Found a burning altar of Makhleb.
  5703 | D:5      | Noticed a centaur
  5708 | D:5      | a centaur changed into a goliath beetle
  5775 | D:5      | Found an iron altar of Okawaru.
  6274 | D:6      | Gained mutation: You are partially covered in sharp spines. [demonic ancestry]
  6274 | D:6      | Reached XP level 8. HP: 56/59 MP: 8/10
  6325 | D:6      | Acquired Cheibriados' third power
  6471 | D:6      | Found a bloodstained altar of Trog.
  6669 | D:6      | Reached skill level 7 in Dodging
  6755 | D:7      | Reached skill level 5 in Stealth
  6837 | D:7      | Learned a level 2 spell: Stoneskin
  6893 | D:7      | Reached skill level 5 in Invocations
  6989 | D:7      | Learned a level 4 spell: Ice Form
  7008 | D:7      | Found a staircase to the Ecumenical Temple.
  7021 | Temple   | Entered the Ecumenical Temple
  7247 | D:7      | Got a ring of the Octopus King
  7269 | D:7      | Identified a ring of the Octopus King {SustAb AC+1 EV+1 Str+1 Dex+1 Int+1} (You found it on level 7 of the Dungeon)
  7287 | D:7      | Noticed a two-headed ogre
  7292 | D:7      | Killed a two-headed ogre
  7292 | D:7      | Reached skill level 8 in Invocations
  7292 | D:7      | Reached XP level 9. HP: 65/65 MP: 17/19
  7517 | D:7      | Acquired Cheibriados' fourth power
  7522 | D:7      | Reached skill level 9 in Invocations
  7933 | D:8      | Noticed Psyche
  8034 | D:8      | Reached skill level 10 in Invocations
  8091 | D:8      | Noticed Maurice
  8110 | D:8      | Killed Psyche
  8110 | D:8      | Reached skill level 11 in Invocations
  8134 | D:8      | Killed Maurice
  8134 | D:8      | Reached skill level 12 in Invocations
  8577 | D:8      | Noticed Edmund
  8593 | D:8      | Killed Edmund
  8708 | D:9      | Noticed Grum
  8717 | D:9      | Killed Grum
  8723 | D:9      | Gained mutation: You are significantly more attuned to the shadows. [demonic ancestry]
  8723 | D:9      | Reached XP level 10. HP: 42/71 MP: 24/24
  9095 | D:9      | Found a staircase to the Orcish Mines.
 10081 | D:9      | Reached skill level 5 in Armour
 10320 | D:10     | Entered Level 10 of the Dungeon
 10324 | D:10     | Noticed a hill giant
 10335 | D:10     | Killed a hill giant
 10574 | D:10     | Found Geugh's Antique Weapon Emporium.
 10598 | D:10     | Bought a glowing longbow for 130 gold pieces
 10651 | D:10     | Reached skill level 1 in Bows
 10886 | D:10     | Found Blaism's Armour Shoppe.
 10893 | D:10     | Bought a +1 dwarven cloak for 78 gold pieces
 10893 | D:10     | Bought a +2 leather armour of cold resistance for 294 gold pieces
 11234 | D:10     | Found Huewyo's Jewellery Emporium.
 11468 | D:11     | Learned a level 3 spell: Passwall
 12002 | D:11     | Reached XP level 11. HP: 60/77 MP: 25/25
 12219 | D:11     | Noticed a cyclops
 12235 | D:11     | Killed a cyclops
 12235 | D:11     | Reached skill level 5 in Bows
 12611 | D:12     | Noticed a hill giant
 12622 | D:12     | Killed a hill giant
 12799 | D:12     | Noticed a hill giant
 12811 | D:12     | Killed a hill giant
 12837 | D:12     | Noticed an eight-headed hydra
 12880 | D:12     | Noticed a hill giant
 12893 | D:12     | Killed a hill giant
 13356 | D:12     | Found a staircase to the Lair.
 13362 | D:12     | the staircase to the Lair was a mimic.
 13374 | D:12     | Reached skill level 5 in Earth Magic
 13459 | D:12     | Got a transparent leather armour
 13461 | D:12     | Identified the -2 leather armour "Khis Acs" {rN+ Stlth+ Curse} (You found it on level 12 of the Dungeon)
 14082 | Orc:1    | Entered Level 1 of the Orcish Mines
 14619 | Orc:1    | Reached skill level 1 in Spellcasting
 14750 | Orc:1    | Learned a level 5 spell: Lee's Rapid Deconstruction
 15405 | D:10     | Bought an uncursed amulet of faith for 450 gold pieces
 15633 | Orc:2    | Noticed Harold
 15650 | Orc:2    | Killed Harold
 15676 | Orc:2    | Gained mutation: You have a pair of horns on your head. [demonic ancestry]
 15676 | Orc:2    | Reached XP level 12. HP: 84/84 MP: 26/26
 15682 | Orc:2    | Learned a level 4 spell: Summon Elemental
 16340 | Orc:3    | Reached skill level 5 in Spellcasting
 16605 | Orc:3    | Found a bloodstained altar of Trog.
 16828 | Orc:3    | Learned a level 3 spell: Abjuration
 17118 | Orc:4    | Entered Level 4 of the Orcish Mines
 17666 | Orc:4    | HP: 4/84 [sun demon[an orc sorcerer] (7)]
 17666 | Orc:4    | Mangled by a sun demon

Action                   |  1- 3 |  4- 6 |  7- 9 | 10-12 || total
-------------------------+-------+-------+-------+-------++-------
Melee: Unarmed           |    36 |       |       |       ||    36
       Hand axe          |    94 |   125 |       |       ||   219
       Club              |    15 |       |       |       ||    15
       Dagger            |       |   138 |       |       ||   138
       Flail             |       |     7 |   231 |   561 ||   799
 Fire: Longbow           |       |       |       |   224 ||   224
Throw: Javelin           |     7 |    11 |    16 |     8 ||    42
       Dart              |       |       |     1 |     2 ||     3
       Dagger            |       |       |     1 |       ||     1
       Hand axe          |       |       |     1 |       ||     1
 Cast: Stoneskin         |       |       |     1 |    19 ||    20
Invok: Slouch            |       |       |     1 |     8 ||     9
       Bend Time         |       |       |     1 |     2 ||     3
Evoke: Wand              |     4 |     4 |     4 |    28 ||    40
  Use: Potion            |     6 |     3 |     6 |     5 ||    20
       Scroll            |     1 |     8 |    12 |    15 ||    36
 Stab: Sleeping          |     3 |    13 |     9 |    12 ||    37
       Distracted        |       |       |     2 |     4 ||     6
